 Dungeon Crawl Stone Soup version 0.27.1-4-g1640c2035a (webtiles) character file.

Game seed: 8502470160843184021

796 scsoc the Cutter (level 7, -2/53 HPs)
             Began as a Demonspawn Gladiator on Nov 3, 2021.
             Was an Initiate of Dithmenos.
             Killed by divine providence
             ... invoked by an orc priest
              (13 damage)
             ... on level 5 of the Dungeon.
             The game lasted 00:12:12 (5733 turns).

scsoc the Cutter (Demonspawn Gladiator)             Turns: 5733, Time: 00:12:12

Health: -2/53      AC:  9    Str: 22    XL:     7   Next: 58%
Magic:  7/7        EV: 13    Int: 10    God:    Dithmenos [......]
Gold:   261        SH:  5    Dex: 14    Spells: 6/6 levels left

rFire    . . .     SeeInvis .   m - +1 dagger (venom)
rCold    . . .     Faith    .   (no shield)
rNeg     . . .     Spirit   .   b - +0 leather armour
rPois    .         Reflect  +   (helmet restricted)
rElec    .         Harm     .   (no cloak)
rCorr    .         Rampage  .   w - +2 pair of gloves
Will     .....                  (no boots)
Stlth    ++........             t - amulet of reflection
HPRegen  0.17/turn              j - ring of flight
MPRegen  0.10/turn              h - +6 ring of strength

@: flying
A: horns 1, thin metallic scales 2
a: Renounce Religion


You were on level 5 of the Dungeon.
You worshipped Dithmenos.
Dithmenos was noncommittal.
You visited 2 branches of the dungeon, and saw 6 of its levels.

You collected 261 gold pieces.

Inventory:

Hand Weapons
 m - a +1 dagger of venom (weapon)
Missiles
 d - 3 throwing nets (quivered)
Armour
 b - a +0 leather armour (worn)
 w - a +2 pair of gloves (worn)
Jewellery
 h - a +6 ring of strength (right hand)
 j - a ring of flight (left hand)
 p - a ring of ice
 t - an amulet of reflection (around neck)
Wands
 r - a wand of iceblast (10)
Scrolls
 a - a scroll of brand weapon {unknown}
 g - a scroll of amnesia {unknown}
 n - a scroll of fog {unknown}
 q - a scroll of teleportation
 s - 2 scrolls of noise {unknown}
 u - a scroll of enchant weapon {unknown}
 v - a scroll of identify
Potions
 c - a potion of attraction
 e - a potion of degeneration
 f - a potion of resistance
 i - 2 potions of heal wounds
 k - a potion of invisibility
 l - a potion of brilliance


   Skills:
 + Level 3.8 Fighting
 + Level 5.8 Short Blades
 + Level 1.9 Throwing
 + Level 3.1 Armour
 + Level 3.8 Dodging
 + Level 1.5 Stealth
 + Level 0.6 Shields


You had 6 spell levels left.
You didn't know any spells.
Your spell library was empty.

Dungeon Overview and Level Annotations

Branches:
Dungeon (5/15)             Temple (1/1) D:4

Altars:
Ashenzari
Dithmenos
Elyvilon
Makhleb
Okawaru
Qazlal
Ru
Wu Jian
Xom
The Shining One

Shops:
D:3 [


Innate Abilities, Weirdness & Mutations

You have a pair of small horns on your head.
You are mostly covered in thin metallic scales. (AC +3)


Message History

You barely miss the orc.
The orc is almost dead.
You kill the orc!
Dithmenos accepts your kill.
You hit the orc wizard but do no damage.
The orc wizard points at you and mumbles some strange words.
The puff of flame hits you!
You closely miss the orc wizard.
You headbutt the orc wizard, but do no damage.
You hit the orc wizard but do no damage.
The orc wizard is poisoned.
The orc wizard hits you but does no damage.
The orc priest calls down the wrath of Beogh upon you.
Beogh smites you!
You hit the orc wizard.
The orc wizard looks as sick as possible!
The orc wizard is lightly wounded.
The orc wizard closely misses you.
The orc priest invokes the aid of Beogh against you.
Beogh smites you!
You are too injured to fight recklessly!
You are too injured to fight recklessly!
You barely miss the orc wizard.
You headbutt the orc wizard, but do no damage.
The orc wizard is lightly wounded.
You hit the orc wizard.
The orc wizard looks as sick as possible!
The orc wizard is moderately wounded.
The orc wizard barely misses you. The orc wizard casts a spell at you.
The magic dart hits you.
* * * LOW HITPOINT WARNING * * *
The orc wizard gestures at you while chanting.
The magic dart hits you.
* * * LOW HITPOINT WARNING * * *
You kill the orc wizard!
Dithmenos accepts your kill.
The orc priest calls down the wrath of Beogh upon you.
Beogh smites you!
You die...

#.#.#.o.o....#..≈≈≈§....§≈≈≈
#.#.######)[.#..§≈§§§...≈≈≈§
#.# ##o##....§....§...§ #
#.##### #.##..............
#.#.#...# #o################
#.....#.# #.# #..# ###.#...#
#.# #####.##### #.##.## #.#
#.......... . #.##.# #@#
#.####.####
#.####.##.####.######.####.#
##.#........................#
...<.......#######.#######..#
##.#.......#######.#######..#
#..........##..........(##..#
#..........##.####.####.##..#
..#.......##.####.####.##..#
#.......##.##.....##.##..#


You could see an orc priest and an orc.

Vanquished Creatures
  Menkaure (D:5)
  A water moccasin (D:5)
  A necrophage (D:5)
  A centaur (D:5)
  A water moccasin zombie (D:5)
  A water moccasin skeleton (D:5)
  An orc wizard (D:5)
  Natasha (twice) (D:4)
  A killer bee zombie (D:4)
  12 adders
  An ufetubus (D:5)
  2 adder skeletons (D:4)
  3 worms
  3 dart slugs
  4 orcs
  5 endoplasms
  2 giant cockroaches
  9 goblins
  3 hobgoblins
  8 jackals
  6 kobolds
  4 quokkas
  6 ball pythons
  4 bats
  A frilled lizard (D:2)
  5 rats
  3 bushes (D:1)
91 creatures vanquished.

Vanquished Creatures (others)
  A plant (D:1)
1 creature vanquished.

Grand Total: 92 creatures vanquished

Notes
Turn   | Place    | Note
-------+----------+-------------------------------------------
     0 | D:1      | scsoc the Demonspawn Gladiator began the quest for the Orb.
     0 | D:1      | Reached XP level 1. HP: 16/16 MP: 1/1
   191 | D:1      | Gained mutation: You are partially covered in thin metallic
                  | scales. (AC +2) [demonic ancestry]
   191 | D:1      | Reached XP level 2. HP: 14/22 MP: 2/2
   372 | D:1      | Found a faded altar of an unknown god.
   403 | D:1      | Reached skill level 3 in Short Blades
  1395 | D:2      | Gained mutation: You have a pair of small horns on your
                  | head. [demonic ancestry]
  1395 | D:2      | Reached XP level 3. HP: 21/28 MP: 3/3
  1921 | D:2      | Reached skill level 1 in Armour
  1921 | D:2      | Reached XP level 4. HP: 26/34 MP: 4/4
  2859 | D:3      | Found Yddior's Antique Armour Shoppe.
  2883 | D:3      | Gained mutation: You are mostly covered in thin metallic
                  | scales. (AC +3) [demonic ancestry]
  2883 | D:3      | Reached XP level 5. HP: 39/39 MP: 5/5
  3111 | D:3      | Reached skill level 4 in Short Blades
  3616 | D:4      | Found a staircase to the Ecumenical Temple.
  3634 | D:4      | Noticed Natasha
  3639 | D:4      | Killed Natasha
  3656 | Temple   | Entered the Ecumenical Temple
  3809 | Temple   | Became a worshipper of Dithmenos the Shadowed
  4654 | D:4      | Noticed Natasha
  4662 | D:4      | Killed Natasha
  4775 | D:5      | Entered Level 5 of the Dungeon
  4798 | D:5      | Reached XP level 6. HP: 41/47 MP: 6/6
  5102 | D:5      | Noticed Menkaure
  5111 | D:5      | Killed Menkaure
  5112 | D:5      | Reached skill level 5 in Short Blades
  5112 | D:5      | Reached skill level 1 in Stealth
  5340 | D:5      | Reached XP level 7. HP: 29/52 MP: 7/7
  5733 | D:5      | Killed from afar by an orc priest

Illustrated notes

Levels and vault maps discovered:
D:1:      lemuel_arrival_tunnels, layout_rooms, ebering_ecumenical_altar_webs,
          serial_forest, infiniplex_forest_lined_room_,
          infiniplex_forest_clump_C, infiniplex_forest_3_way,
          infiniplex_forest_split
D:2:      layout_loops_ring
D:3:      layout_loops_ring, serial_shops, nicolae_shop_trees, minivault_11,
          kennysheep_donut
D:4:      layout_loops_corners, minmay_temple_entry_statues_fountains,
          uniq_natasha
D:5:      layout_loops_ring, roderic_nine_men_s_morris, dk_vineyard_1,
          kennysheep_dice, uniq_menkaure
Temple:   roderic_octagonal_lattice_temple

Skill      XL: |  1  2  3  4  5  6  7 |
---------------+----------------------+-----
Short Blades   | 3 4 5 |  5.8
Dodging        | 3 |  3.8
Armour         | 1 2 3 |  3.1
Fighting       | 3 |  3.8
Stealth        | 1 |  1.5
Throwing       | |  1.9
Shields        | |  0.6

Action                   |  1- 3 |  4- 6 |  7- 9 || total
-------------------------+-------+-------+-------++-------
Melee: Rapier            |   561 |    93 |       ||   654
       Headbutt          |     7 |    41 |     6 ||    54
       Dagger            |       |    91 |    30 ||   121
  Use: Potion            |       |     4 |       ||     4
       Scroll            |       |     6 |       ||     6
 Stab: Sleeping          |       |     1 |       ||     1
Armor: Leather armour    |    35 |    41 |     7 ||    83
Dodge: Dodged            |    48 |    99 |    15 ||   162
Block: Other             |       |     8 |     4 ||    12
